 Dungeon Crawl Stone Soup version 0.27-a0-604-g29a88b33a7 (webtiles) character file.

Game seed: 2708168944755370976

164 delverdan the Conjurer (level 5, -6/38 HPs)
             Began as a Demigod Fire Elementalist on Mar 12, 2021.
             Mangled by srzhan31's ghost (15 damage)
             ... on level 3 of the Dungeon.
             The game lasted 00:05:48 (3866 turns).

delverdan the Conjurer (Demigod Fire Elementalist)  Turns: 3866, Time: 00:05:49

Health: -6/38      AC:  5    Str:  9    XL:     5   Next: 0%
Magic:  4/12       EV: 11    Int: 21    God:
Gold:   153        SH:  3    Dex: 14    Spells: 9/10 levels left

rFire    . . .     SeeInvis .   j - +0 rapier
rCold    . . .     Faith    .   m - +0 buckler
rNeg     . . .     Spirit   .   a - +0 robe
rPois    .         Reflect  .   (no helmet)
rElec    .         Harm     .   (no cloak)
rCorr    +         Rampage  .   i - +2 pair of gloves
Will     .....                  (no boots)
Stlth    ++........             (no amulet)
HPRegen  0.12/turn              k - ring of resist corrosion
MPRegen  0.13/turn              (no ring)

@: no status effects
A: high mp 1, forlorn
a: no special abilities


You were on level 3 of the Dungeon.
You visited 1 branch of the dungeon, and saw 3 of its levels.

You collected 153 gold pieces.

Inventory:

Hand Weapons
 f - a +0 dagger
 j - a +0 rapier (weapon)
Armour
 a - a +0 robe (worn)
 i - a +2 pair of gloves (worn)
 m - a +0 buckler (worn)
Jewellery
 k - a ring of resist corrosion (right hand)
Wands
 l - a wand of digging (1)
Scrolls
 b - 3 scrolls of teleportation {unknown}
 e - a scroll of identify {unknown}
 g - a scroll of fear {unknown}
Potions
 c - a potion of invisibility {unknown}
 d - a potion of curing {unknown}
 h - 2 potions of brilliance {unknown}
 n - a potion of mutation {unknown}
 o - a potion of resistance {unknown}


   Skills:
 - Level 1.7 Dodging
 - Level 1.7 Stealth
 + Level 3.2 Spellcasting
 - Level 3.2 Conjurations
 - Level 3.0 Fire Magic


You had 9 spell levels left.
You knew the following spells:

 Your Spells              Type           Power      Damage    Failure   Level
a - Foxfire               Conj/Fire      64%        2x1d7     6%          1

Your spell library contained the following spells:

 Spells                   Type           Power      Damage    Failure   Level
 Conjure Flame            Conj/Fire      16%        6-21      19%         3
 Inner Flame              Hex/Fire       9%         N/A       34%         3
 Sticky Flame             Conj/Fire      16%        2d4       52%         4
 Fireball                 Conj/Fire      8%         3d6       86%         5


Dungeon Overview and Level Annotations

Branches:
Dungeon (3/15)

Annotations:
D:3 1 runed translucent door, srzhan31's ghost, amateur TrCj


Innate Abilities, Weirdness & Mutations

Your attributes grow dramatically as you level up.
You have an increased reservoir of magic. (+10% MP)
You shall have no god before yourself.


Message History

The foxfire hits srzhan31's ghost.
Srzhan31's ghost is lightly damaged.
You block srzhan31's ghost's attack.
You conjure some foxfire!
The foxfire hits srzhan31's ghost.
Srzhan31's ghost is moderately damaged.
The foxfire hits srzhan31's ghost but does no damage.
Srzhan31's ghost is moderately damaged.
Srzhan31's ghost hits you!
* * * LOW HITPOINT WARNING * * *
You are too injured to fight recklessly!
You are too injured to fight recklessly!
You are too injured to fight recklessly!
You are too injured to fight recklessly!
Unknown command.
You are too injured to fight recklessly!
Casting: Foxfire (safe; 6% risk of failure)
Confirm with . or Enter, or press ? or * to list all spells.
You conjure some foxfire!
The foxfire hits srzhan31's ghost.
Srzhan31's ghost is moderately damaged.
The foxfire hits srzhan31's ghost.
Srzhan31's ghost is moderately damaged.
You block srzhan31's ghost's attack.
Casting: Foxfire (safe; 6% risk of failure)
Confirm with . or Enter, or press ? or * to list all spells.
You conjure some foxfire!
The foxfire hits srzhan31's ghost.
Srzhan31's ghost is heavily damaged.
The foxfire hits srzhan31's ghost.
Srzhan31's ghost is heavily damaged.
Srzhan31's ghost hits you.
* * * LOW HITPOINT WARNING * * *
Your magical contamination has completely faded away.
Casting: Foxfire (safe; 6% risk of failure)
Confirm with . or Enter, or press ? or * to list all spells.
You conjure some foxfire!
The foxfire hits srzhan31's ghost but does no damage.
Srzhan31's ghost is heavily damaged.
The foxfire hits srzhan31's ghost.
Srzhan31's ghost is heavily damaged.
Srzhan31's ghost hits you!
You die...

#########.###.<.....##
#...#.# #...#...###
##.....## #.....#
#.##.##.### ##...## ##...###
##.##.##._# ##'## ##.....##
.##.##[#### #.# #.......#
#..###..# #.# ##.....## ####
#### ##.########...##
##v§§....# ##.##
##############..@..##.# #.#
≈≈≈≈≈F≈≈#.##....Wv###.# #.#
≈≈≈[≈≈≈≈'....##...###.####.#
≈≈≈≈≈≈≈≈#.#####.(..........#
########### #.......######
##.###### #.# #.# #.#


You could see srzhan31's ghost (ally target).

Vanquished Creatures
  A bullfrog (D:3)
  4 adders
  An ooze (D:2)
  A worm (D:2)
  A dart slug (D:2)
  4 leopard geckos
  An orc (D:3)
  8 giant cockroaches
  3 goblins (D:2)
  4 hobgoblins
  3 jackals (D:1)
  2 ball pythons
  5 bats
  A frilled lizard (D:1)
  5 kobolds
  5 rats
49 creatures vanquished.

Vanquished Creatures (others)
  195 foxfires
195 creatures vanquished.

Grand Total: 244 creatures vanquished

Notes
Turn   | Place    | Note
-------+----------+-------------------------------------------
     0 | D:1      | delverdan the Demigod Fire Elementalist began the quest for
                  | the Orb.
     0 | D:1      | Reached XP level 1. HP: 14/14 MP: 5/5
    66 | D:1      | Reached skill level 1 in Conjurations
   507 | D:1      | Reached XP level 2. HP: 20/20 MP: 1/7
  1623 | D:2      | Reached XP level 3. HP: 26/26 MP: 0/8
  2975 | D:3      | Reached XP level 4. HP: 27/33 MP: 5/9
  3313 | D:3      | Found a runed translucent door.
  3316 | D:3      | Noticed srzhan31's ghost (amateur TrCj)
  3683 | D:3      | Found a runed translucent door.
  3687 | D:3      | Noticed a bullfrog
  3768 | D:3      | Killed a bullfrog
  3769 | D:3      | Reached XP level 5. HP: 22/38 MP: 2/12
  3866 | D:3      | Mangled by srzhan31's ghost

Illustrated notes

Levels and vault maps discovered:
D:1:      kennysheep_arrival_forest, layout_basic, minmay_pentomino_t2
D:2:      layout_basic, serial_glass, glass_columns_b, glass_columns_a
D:3:      layout_loops_corners, marbit_many_paths, ebering_ghost_sewer_f

Skill      XL: |  1  2  3  4 |
---------------+-------------+-----
Conjurations   | 1 2 3 |  3.2
Spellcasting   | 2 3 |  3.2
Fire Magic     | 3 |  3.0
Dodging        | |  1.7
Stealth        | |  1.7

Action                   |  1- 3 |  4- 6 || total
-------------------------+-------+-------++-------
Melee: Unarmed           |    17 |       ||    17
       Rapier            |    20 |     5 ||    25
       Dagger            |     1 |       ||     1
 Cast: Foxfire           |    94 |    21 ||   115
  Use: Potion            |     2 |       ||     2
 Stab: Sleeping          |     3 |     1 ||     4
Armor: Robe              |    23 |     6 ||    29
Dodge: Dodged            |    39 |     9 ||    48
Block: Buckler           |     3 |     5 ||     8

Table legend: (Time is in decaauts)
 A = Elapsed time spent in this place.
 B = Non-inter-level travel time spent in this place.
 C = Inter-level travel time spent in this place.
 D = Time resting spent in this place.
 E = Time spent auto-exploring this place.
 F = Levels seen in this place.
 G = Mean time per level.
                   A        B        C        D        E       F      G
               +--------+--------+--------+--------+--------+-----+--------+
         Total |   3870 |   3751 |    119 |      0 |   3236 |   3 | 1290.0 |
       Dungeon |   3870 |   3751 |    119 |      0 |   3236 |   3 | 1290.0 |
               +--------+--------+--------+--------+--------+-----+--------+

Top non-repeatable levels by time:
     D:1: 1545 daAuts
     D:2: 1253 daAuts
     D:3: 1071 daAuts
